Match 26957569
Unlisted

Match 26957569
End
Construct Section Command Post
Infantry Section
ML 3-inch Mortar Team
Infantry Section
Infantry Section
Construct Platoon Command Post
Selects Indian Artillery Battlegroup
Selects Valour
TidaL
Andrew
dkdkabc
krispykreme34
[EASY] CLUBs37
Catboy Supremacy
0
0

Comments sign in to comment!

No comments posted yet!